 Dungeon Crawl Stone Soup version 0.24.0-37-gcf1ca852f1 (webtiles) character file.

Game seed: 5890189403959833759, levelgen mode: deterministic

2986 Peloso the Blocker (level 9, -2/73 (75) HPs)
             Began as a Minotaur Fighter on Nov 23, 2019.
             Splashed by an orc warrior's acid (15 damage)
             ... on level 7 of the Dungeon.
             The game lasted 00:15:17 (6484 turns).

Peloso the Blocker (Minotaur Fighter)               Turns: 6484, Time: 00:15:18

HP:   -2/73 (75)    AC:  4    Str: 27    XL:     9   Next: 53%
MP:   8/8           EV:  7    Int:  5    God:
Gold: 370           SH: 21    Dex: 12    Spells: 8/8 levels left

rFire    . . .     SeeInvis .   a - +0 long sword
rCold    . . .     Gourm    .   h - +1 large shield
rNeg     . . .     Faith    .   F - +0 chain mail
rPois    .         Spirit   .   (helmet restricted)
rElec    .         Reflect  +   K - +0 cloak
rCorr    .         Harm     .   (no gloves)
MR       +....                  (no boots)
Stlth    ..........             w - +2 amulet of reflection
HPRegen  0.22/turn              e - ring of wizardry
MPRegen  0.11/turn              s - ring of protection from magic

@: mighty, corroded
A: retaliatory headbutt, horns 2
a: no special abilities


You were on level 7 of the Dungeon.
You were hungry.

You visited 2 branches of the dungeon, and saw 8 of its levels.
You also visited: Sewer.

You collected 370 gold pieces.

Inventory:

Hand Weapons
 a - a +0 long sword (weapon)
 j - a +1 whip of flaming
Armour
 b - a +0 scale mail
 c - a +0 shield
 h - a +1 large shield (worn)
 F - a +0 chain mail (worn)
 K - a +0 cloak (worn)
Jewellery
 e - a ring of wizardry (left hand)
 s - a ring of protection from magic (right hand)
 v - an uncursed amulet of the acrobat
 w - a +2 amulet of reflection (around neck)
 y - an uncursed ring of protection from magic
Wands
 n - a wand of flame (24)
 p - a wand of digging (4)
 B - a wand of random effects (16)
 E - a wand of acid (6)
 J - a wand of polymorph (4)
Scrolls
 g - a scroll of blinking {unknown}
 i - 2 scrolls of remove curse
 k - 2 scrolls of enchant armour
 m - 3 scrolls of teleportation
 C - a scroll of identify
 H - a scroll of fear {unknown}
 I - a scroll of random uselessness {unknown}
 L - a scroll of magic mapping
 M - a scroll of silence {unknown}
 N - a scroll of torment {unknown}
Potions
 d - 3 potions of might
 l - a potion of brilliance
 o - 2 potions of ambrosia
 q - 3 potions of magic
 r - 6 potions of curing
 t - a potion of berserk rage {unknown}
 u - a potion of mutation {unknown}
 x - 3 potions of heal wounds
 z - 2 potions of haste {unknown}
 A - a potion of flight
 D - 2 potions of cancellation {unknown}
 G - a potion of resistance
Comestibles
 f - 17 rations
 O - a chunk of flesh


   Skills:
 + Level 6.3 Fighting
 + Level 8.6 Long Blades
 + Level 8.2 Armour
 + Level 3.5 Dodging
 + Level 1.2 Stealth
 + Level 9.8 Shields


You had 8 spell levels left.
You didn't know any spells.
Your spell library contained the following spells:

 Spells                   Type           Power        Failure   Level  Hunger
 Magic Dart               Conj           #...         99%         1    ##.....
 Summon Small Mammal      Summ           #...         99%         1    ##.....
 Blink                    Tloc           N/A          100%        2    ###....
 Call Imp                 Summ           #.......     100%        2    ###....
 Slow                     Hex            #.......     100%        2    ###....
 Call Canine Familiar     Summ           #.......     100%        3    ####...
 Conjure Flame            Conj/Fire      #.......     100%        3    ####...
 Mephitic Cloud           Conj/Pois/Air  #.......     100%        3    ####...
 Summon Guardian Golem    Hex/Summ       #.......     100%        3    ####...
 Summon Ice Beast         Ice/Summ       #.......     100%        4    #####..
 Summon Lightning Spire   Summ/Air       #.......     100%        4    #####..


Dungeon Overview and Level Annotations

Branches:
Dungeon (7/15)             Temple (1/1) D:5           Sewer (visited)

Altars:
Ashenzari
Cheibriados
Dithmenos
Elyvilon
Fedhas
Gozag
Hepliaklqana
Kikubaaqudgha
Nemelex Xobeh
Qazlal
Ru
Sif Muna
Trog
Uskayaw
Vehumet
Zin
The Shining One

Shops:
D:2 *


Innate Abilities, Weirdness & Mutations

You reflexively headbutt those who attack you in melee.
You have a pair of horns on your head.


Message History

The necrophage hits you but does no damage.
Your shield and chain mail prevent you from hitting the necrophage.
You headbutt the necrophage.
The necrophage is lightly damaged.
The necrophage hits you.
The orc warrior hits you from afar with a +0 glaive!
You hit the necrophage. Your headbutt misses the necrophage.
The necrophage is moderately damaged.
The necrophage hits you but does no damage.
You closely miss the necrophage. You headbutt the necrophage.
The necrophage is moderately damaged.
You block the orc warrior's attack. You block the necrophage's attack.
You slash the necrophage! You headbutt the necrophage.
You destroy the necrophage!
You block the orc warrior's attack.
You are feeling hungry.
The orc warrior zaps a wand.
The bolt of acid hits you!
* * * LOW HITPOINT WARNING * * *
The acid corrodes you!
You are splashed with acid!
You die...

## ## #. ##.#########
##) #...#......# ##..
#..#@o.....##### #..#
##.##..#.......###..#
#...#..##..........#.
#......##.##......###
###.o..##....#....###
##....###..###..##..
#.......#### #......
.............#
##.....
........##....#
##.....(


You could see an orc warrior.

Vanquished Creatures
  2 hippogriffs (D:7)
  Sigmund (D:5)
  Menkaure (D:6)
  Purgy (Sewer)
  An ice beast (D:6)
  2 phantoms (D:5)
  2 necrophages
  3 ogres
  2 centaurs
  2 bullfrogs
  A scorpion (D:4)
  Dowan (D:6)
  4 killer bees
  4 wights (D:6)
  A howler monkey (D:6)
  4 crimson imps
  2 hounds
  Crazy Yiuf (D:6)
  An orc priest (D:4)
  A bullfrog skeleton (D:6)
  Jessica (D:3)
  2 orc wizards
  2 iguanas
  6 worker ants
  3 hound skeletons
  A worker ant zombie (D:6)
  Robin (D:4)
  3 adders
  A shadow imp (D:5)
  3 worms
  3 dart slugs
  8 leopard geckos
  14 orcs
  3 ball pythons
  4 giant cockroaches
  11 hobgoblins
  2 jackals (D:1)
  3 quokkas
  9 bats
  10 frilled lizards
  17 goblins
  2 jackal skeletons
  9 kobolds
  A leopard gecko zombie (D:6)
  6 rats
162 creatures vanquished.

Vanquished Creatures (others)
  A fungus (D:6)
1 creature vanquished.

Grand Total: 163 creatures vanquished

Notes
Turn   | Place    | Note
-------+----------+-------------------------------------------
     0 | D:1      | Peloso the Minotaur Fighter began the quest for the Orb.
     0 | D:1      | Reached XP level 1. HP: 19/19 MP: 0/0
   170 | D:1      | Reached XP level 2. HP: 25/27 MP: 1/1
   248 | D:1      | Reached skill level 4 in Shields
   523 | D:1      | Reached XP level 3. HP: 28/33 MP: 2/2
   986 | D:2      | Found a sparkling altar of Nemelex Xobeh.
  1393 | D:2      | Found a radiant altar of Vehumet.
  1590 | D:2      | Found Zin's Purification Station.
  1593 | D:2      | Found a glowing silver altar of Zin.
  1701 | D:3      | Reached XP level 4. HP: 40/40 MP: 3/3
  1918 | D:3      | Noticed Jessica
  1927 | D:3      | Killed Jessica
  1953 | D:3      | Found a shattered altar of Ashenzari.
  2585 | D:4      | Found a hide-covered altar of Uskayaw.
  2591 | D:4      | Noticed Robin
  2623 | D:3      | Reached XP level 5. HP: 29/46 MP: 4/4
  2776 | D:4      | Killed Robin
  2856 | D:4      | Reached skill level 5 in Armour
  2856 | D:4      | Reached skill level 5 in Shields
  2876 | D:4      | Noticed an ogre
  2886 | D:4      | Killed an ogre
  2886 | D:4      | Reached skill level 1 in Dodging
  2886 | D:4      | Reached XP level 6. HP: 36/53 MP: 5/5
  3186 | D:4      | Reached skill level 5 in Long Blades
  3366 | D:4      | Reached XP level 7. HP: 56/60 MP: 6/6
  3367 | D:4      | Found a hazy altar of Hepliaklqana.
  3537 | D:5      | Entered Level 5 of the Dungeon
  3618 | D:5      | Reached skill level 6 in Shields
  3645 | D:5      | Noticed Sigmund
  3649 | D:5      | Found a glowing drain.
  3666 | Sewer    | Entered a sewer
  3728 | Sewer    | Noticed Purgy
  3736 | Sewer    | Killed Purgy
  3928 | D:5      | Killed Sigmund
  3928 | D:5      | Reached skill level 5 in Fighting
  4016 | D:5      | Found a staircase to the Ecumenical Temple.
  4080 | Temple   | Entered the Ecumenical Temple
  4165 | D:5      | Reached XP level 8. HP: 62/68 MP: 7/7
  4209 | D:5      | Found a blossoming altar of Fedhas.
  4624 | D:5      | Found a bloodstained altar of Trog.
  4673 | D:5      | Reached skill level 7 in Shields
  5007 | D:6      | Reached skill level 1 in Stealth
  5032 | D:6      | Noticed Menkaure
  5039 | D:6      | Killed Menkaure
  5312 | D:6      | Reached skill level 8 in Shields
  5502 | D:6      | Noticed Dowan
  5517 | D:6      | Killed Dowan
  5553 | D:6      | Found a runed translucent door.
  5554 | D:6      | Noticed Crazy Yiuf
  5564 | D:6      | Killed Crazy Yiuf
  5630 | D:6      | Reached XP level 9. HP: 8/73 MP: 8/8
  5642 | D:6      | HP: 3/73 [poisoned by a killer bee]
  5649 | D:6      | HP: 3/73 [poisoned by a killer bee]
  5657 | D:6      | HP: 3/73 [poisoned by a killer bee]
  6175 | D:7      | Found a sacrificial altar of Ru.
  6246 | D:7      | Reached skill level 9 in Shields
  6484 | D:7      | Splashed by an orc warrior's acid

Levels and vault maps discovered:
D:1:      saegor_arrival_simple_b, layout_loops_ring
D:2:      cheibrodos_old_hovel, layout_basic, zin_purify, fiery_altar_vehumet,
          nemelex_diamond_rough_becter
D:3:      layout_basic, cheibrodos_ashenzari_chains, hex_medium,
          chequers_hall_statues_corner_a, serial_park_tiny_pond,
          minmay_parallelograms, uniq_jessica
D:4:      layout_basic, eat_drink_and_be_merry_uskayaw,
          nicolae_overflow_crystal_walls, minmay_joined_circles, uniq_robin
D:5:      layout_gridville, lightli_temple_of_fire, minmay_temple_entry_statues,
          cheibrodos_sewer_entry_sluice, first_ration, fedhas_altar_1,
          uniq_sigmund
D:6:      layout_basic, uniq_menkaure, uniq_crazy_yiuf_cottage, uniq_duvessa
D:7:      layout_cave_pools, kennysheep_mini, lemuel_crystal_altar,
          kennysheep_mini_moat
Temple:   eino_temple_lava

Skill      XL: |  1  2  3  4  5  6  7  8  9 |
---------------+----------------------------+-----
Armour         | 4 5 6 7 8 |  8.2
Shields        | 4 5 6 8 9 |  9.8
Long Blades    | 3 4 5 6 7 8 |  8.6
Fighting       | 4 5 6 |  6.3
Dodging        | 1 2 3 |  3.5
Stealth        | 1 |  1.2

Action                   |  1- 3 |  4- 6 |  7- 9 || total
-------------------------+-------+-------+-------++-------
Melee: Long sword        |   112 |   133 |   311 ||   556
       Headbutt          |    17 |    26 |    70 ||   113
  Use: Potion            |     1 |       |     2 ||     3
       Scroll            |       |     4 |     6 ||    10
  Eat: Chunk             |     2 |     6 |     7 ||    15
       Ration            |       |       |     1 ||     1
Armor: Scale mail        |    31 |    55 |    33 ||   119
       Chain mail        |       |       |    73 ||    73
Dodge: Dodged            |    28 |    22 |    78 ||   128
Block: Shield            |    18 |       |       ||    18
       Large shield      |    54 |   106 |   344 ||   504
       Reflection        |       |       |     6 ||     6
       Rpst.: Long sword |    11 |     5 |    24 ||    40
